 Dungeon Crawl Stone Soup version 0.29-a0-813-g4a14ea37d6 (webtiles) character file.

Game seed: 5386345767215048701

345 inmateoo the Insei (level 6, 0/47 HPs)
             Began as a Djinni Monk on July 5, 2022.
             Was an Initiate of Gozag.
             Slain by Duvessa
             ... wielding a +1 short sword of flaming
              (10 damage)
             ... on level 5 of the Dungeon.
             The game lasted 00:05:14 (3987 turns).

inmateoo the Insei (Djinni Monk)                    Turns: 3987, Time: 00:05:15

Health: 0/47       AC:  5    Str: 18    XL:     6   Next: 90%
Gold:   179        EV: 13    Int: 12    God:    Gozag SH:  7 Dex: 15

rFire   + + .      SeeInvis .     - Unarmed
rCold   x . .      Faith    .   l - +3 buckler
rNeg    . . .      Spirit   .   a - +0 robe
rPois   ∞          Reflect  .   (no helmet)
rElec   .          Harm     .   i - scarf {repulsion}
rCorr   .          Rampage  .   d - +2 pair of gloves
Will    .....                   (boots unavailable)
Stlth   ++........              (no amulet)
HPRegen 0.15/turn               k - +6 ring of strength
MPRegen 0.00/turn               (no ring)

@: flying, repel missiles, unable to read
A: sickness immunity, fire resistance 2, cold vulnerability 1, float, innate
caster, HP casting, extra vitality 1, wild magic 1, inability to read while
threatened 1
a: Renounce Religion, Potion Petition, Call Merchant, Bribe Branch


You were on level 5 of the Dungeon.
You worshipped Gozag.
Gozag was aware of your devotion.
You visited 2 branches of the dungeon, and saw 6 of its levels.

You collected 179 gold pieces.

Inventory:

Missiles
 e - 3 javelins (quivered)
Armour
 a - a +0 robe (worn)
 d - a +2 pair of gloves (worn)
 i - a scarf of repulsion (worn)
 l - a +3 buckler (worn)
Jewellery
 k - a +6 ring of strength (left hand)
Wands
 g - a wand of mindburst (2)
Scrolls
 c - a scroll of identify
 j - 2 scrolls of poison
Potions
 b - a potion of invisibility
 f - a potion of lignification
 h - 2 potions of might
 m - a potion of curing
 n - a potion of heal wounds
 o - a potion of berserk rage
 p - 2 potions of haste {unknown}


   Skills:
 + Level 3.8 Fighting
 + Level 2.0 Armour
 + Level 4.3 Dodging
 - Level 2.0 Stealth
 + Level 1.7 Shields
 * Level 4.6 Unarmed Combat
 + Level 1.3 Spellcasting


You had 4 spell levels left.
You knew the following spells:

 Your Spells              Type           Power      Damage    Failure   Level
a - Magic Dart            Conj           20%        1d4       30%         1
b - Wereblood             Tmut           5%         N/A       41%         2
Your spell library was empty.

Dungeon Overview and Level Annotations

Branches:
Dungeon (5/15)             Temple (1/1) D:5

Altars:
Ashenzari
Cheibriados
Dithmenos
Elyvilon
Fedhas
Gozag
Hepliaklqana
Makhleb
Nemelex Xobeh
Okawaru
Qazlal
Ru
Trog
Uskayaw
Wu Jian
Zin
The Shining One

Shops:
D:2 *

Annotations:
D:5 Duvessa
Temple 2 transporters


Innate Abilities, Weirdness & Mutations

You are immune to sickness and miasma.
You are immune to poison.
Your flesh is very heat resistant. (rF++)
You are vulnerable to cold. (rC-)
You float through the air rather than walking.
You learn spells naturally, not from books.
Your magical power is your life essence.
You have superior vitality. (+4 MHP)
Your spells are a little harder to cast, but a little more powerful.
You occasionally lose the ability to read scrolls when taking damage.


Message History

Duvessa's mind is blasted!
Duvessa hits you with a +1 short sword of flaming!
Duvessa burns you. Duvessa barely misses you.
Aiming: Mindburst
Press: ? - help, Shift-Dir - straight line, f/p - Duvessa
Aim: Duvessa, wielding a +1 short sword of flaming and wearing a +0 leather armour of positive energy (heavily wounded, berserk, chance to affect: 47%) Duvessa resists with some effort.
The adder bites you but does no damage. You block Duvessa's attack.
You block the adder's attack.
Aiming: Mindburst
Press: ? - help, Shift-Dir - straight line, f/p - Duvessa
Aim: Duvessa, wielding a +1 short sword of flaming and wearing a +0 leather armour of positive energy (heavily wounded, berserk, chance to affect: 47%) Duvessa resists with some effort.
Duvessa closely misses you. Duvessa barely misses you.
You block the adder's attack.
Aiming: Mindburst
Press: ? - help, Shift-Dir - straight line, f/p - Duvessa
Aim: Duvessa, wielding a +1 short sword of flaming and wearing a +0 leather armour of positive energy (heavily wounded, berserk, chance to affect: 47%) Duvessa resists with some effort.
Duvessa hits you with a +1 short sword of flaming.
The adder bites you.
Aiming: Mindburst
Press: ? - help, Shift-Dir - straight line, f/p - Duvessa
Aim: Duvessa, wielding a +1 short sword of flaming and wearing a +0 leather armour of positive energy (heavily wounded, berserk, chance to affect: 47%) Duvessa resists with some effort.
You block Duvessa's attack. The adder misses you.
Duvessa hits you with a +1 short sword of flaming!
You feel threatened and lose the ability to read scrolls!
* * * LOW HITPOINT WARNING * * *
You block the adder's attack.
Aiming: Mindburst
Press: ? - help, Shift-Dir - straight line, f/p - Duvessa
Aim: Duvessa, wielding a +1 short sword of flaming and wearing a +0 leather armour of positive energy (heavily wounded, berserk, chance to affect: 47%) Duvessa's mind is blasted!!
You block Duvessa's attack. The adder closely misses you.
Aiming: Mindburst
Press: ? - help, Shift-Dir - straight line, f/p - Duvessa
Aim: Duvessa, wielding a +1 short sword of flaming and wearing a +0 leather armour of positive energy (almost dead, berserk, chance to affect: 47%) Duvessa resists with some effort.
Duvessa hits you with a +1 short sword of flaming!
You die...
Your body crumbles into a pile of gold.

.. #.# # #.# #.#
#.# .... #.#
##)....
######.##S>.....
...##..@e$..#
##.##.......#
#.......$.....#
#..##.........#
#..##$........#
#..########....
#..# #.## #..##
.# #...########


You could see Duvessa (berserk) and an adder.

Vanquished Creatures
  2 scorpions (D:4)
  Dowan (D:5)
  Terence (D:2)
  8 adders
  2 worms
  2 dart slugs (D:2)
  4 orcs
  6 endoplasms
  4 giant cockroaches
  5 hobgoblins
  2 jackals (D:1)
  4 quokkas
  2 ball pythons
  3 bats
  3 frilled lizards
  6 goblins
  6 kobolds
  6 rats
67 creatures vanquished.

Notes
Turn   | Place    | Note
-------+----------+-------------------------------------------
     0 | D:1      | inmateoo the Djinni Monk began the quest for the Orb.
     0 | D:1      | Reached XP level 1. HP: 20/20 MP: 0/0
    19 | D:1      | You are sucked into a shaft and drop 1 floor!
   320 | D:1      | Reached XP level 2. HP: 22/25 MP: 0/0
   688 | D:1      | Reached XP level 3. HP: 30/30 MP: 0/0
   688 | D:1      | Learned a level 1 spell: Magic Dart
   776 | D:1      | Found a faded altar of an unknown god.
  1092 | D:2      | Found Buazu's General Store.
  1228 | D:2      | Noticed Terence
  1266 | D:2      | Gained mutation: You occasionally lose the ability to drink
                  | potions when taking damage. [potion of mutation]
  1266 | D:2      | Gained mutation: Potions are less effective at restoring
                  | your health. [potion of mutation]
  1272 | D:2      | Killed Terence
  1273 | D:2      | Reached skill level 1 in Armour
  1273 | D:2      | Reached XP level 4. HP: 12/35 MP: 0/0
  2654 | D:3      | Reached XP level 5. HP: 34/40 MP: 0/0
  2654 | D:3      | Learned a level 2 spell: Wereblood
  2708 | D:4      | Reached skill level 1 in Shields
  2708 | D:4      | Reached skill level 1 in Spellcasting
  2895 | D:4      | Reached XP level 6. HP: 46/46 MP: 0/0
  3401 | D:5      | Entered Level 5 of the Dungeon
  3415 | D:5      | Found a staircase to the Ecumenical Temple.
  3649 | D:4      | Lost mutation: Potions are less effective at restoring your
                  | health. [potion of mutation]
  3649 | D:4      | Lost mutation: You occasionally lose the ability to drink
                  | potions when taking damage. [potion of mutation]
  3649 | D:4      | Gained mutation: Your spells are a little harder to cast,
                  | but a little more powerful. [potion of mutation]
  3649 | D:4      | Gained mutation: You occasionally lose the ability to read
                  | scrolls when taking damage. [potion of mutation]
  3886 | Temple   | Entered the Ecumenical Temple
  3886 | Temple   | Found a transporter.
  3886 | Temple   | Found a transporter.
  3888 | Temple   | Found a transporter.
  3888 | Temple   | Found a transporter.
  3908 | Temple   | Became a worshipper of Gozag Ym Sagoz the Greedy
  3973 | D:5      | Noticed Dowan
  3976 | D:5      | Noticed Duvessa
  3977 | D:5      | Killed Dowan
  3987 | D:5      | Slain by Duvessa

Illustrated notes

Levels and vault maps discovered:
D:1:      doesnt_arrival_eight_statues, layout_basic,
          dreamdust_ecumenical_altar_statues
D:2:      layout_basic, serial_shops, shop_statue, uniq_terence
D:3:      layout_loops_ring
D:4:      layout_basic
D:5:      layout_loops_ring, minmay_temple_entry_waves, uniq_duvessa
Temple:   hellmonk_temple_divided_pantheon

Skill      XL: |  1  2  3  4  5  6 |
---------------+-------------------+-----
Armour         | 1 2 |  2.0
Stealth        | 2 |  2.0
Shields        | 1 |  1.7
Unarmed Combat | 4 |  4.6
Spellcasting   | 1 |  1.3
Dodging        | 4 |  4.3
Fighting       | |  3.8

Action                   |  1- 3 |  4- 6 || total
-------------------------+-------+-------++-------
Melee: Unarmed           |   107 |   157 ||   264
Throw: Javelin           |     4 |       ||     4
Evoke: Wand              |       |    13 ||    13
  Use: Potion            |     6 |     1 ||     7
       Scroll            |       |    12 ||    12
 Stab: Sleeping          |     6 |     4 ||    10
Armor: Robe              |    19 |    28 ||    47
       Skin              |     2 |       ||     2
Dodge: Dodged            |    77 |    54 ||   131
Block: Buckler           |    11 |    56 ||    67

Table legend: (Time is in decaauts)
 A = Elapsed time spent in this place.
 B = Non-inter-level travel time spent in this place.
 C = Inter-level travel time spent in this place.
 D = Time resting spent in this place.
 E = Time spent auto-exploring this place.
 F = Levels seen in this place.
 G = Mean time per level.
                   A        B        C        D        E       F      G
               +--------+--------+--------+--------+--------+-----+--------+
         Total |   3981 |   3916 |     65 |   1152 |   1983 |   6 |  663.5 |
       Dungeon |   3942 |   3886 |     56 |   1152 |   1978 |   5 |  788.4 |
        Temple |     38 |     29 |      9 |      0 |      5 |   1 |   38.0 |
               +--------+--------+--------+--------+--------+-----+--------+

Top non-repeatable levels by time:
     D:2: 1207 daAuts
     D:4: 1000 daAuts
     D:1: 752 daAuts
     D:3: 728 daAuts
     D:5: 253 daAuts
  Temple: 38 daAuts
